 Dungeon Sprint DCSS version 0.27-a0-1232-gc6a4cbde82 (webtiles) character file.

Game seed: 12458808322427810614

66733 rocky1 the Earth Mage (level 14, -11/92 HPs)
             Began as a Gargoyle Earth Elementalist on June 9, 2021.
             Was a Priest of Sif Muna.
             Mangled by Boris (16 damage)
             ... in the Dungeon (Sprint III: "The Ten Rune Challenge").
             The game lasted 00:48:08 (5772 turns).

rocky1 the Earth Mage (Gargoyle Earth Elementalist) Turns: 5772, Time: 00:48:08

Health: -11/92     AC: 22    Str: 12    XL:     14   Next: 3%
Magic:  32/32      EV: 14    Int: 21    God:    Sif Muna [***...]
Gold:   343        SH:  0    Dex: 10    Spells: 10/42 levels left

rFire    + . .     SeeInvis +   q - staff of earth
rCold    . . .     Faith    .   (no shield)
rNeg     + + .     Spirit   .   w - +3 leather armour {rN+}
rPois    ∞         Reflect  .   c - +2 hat {SInv}
rElec    +         Harm     .   D - +2 cloak
rCorr    .         Rampage  .   (no gloves)
Will     +....     NoTele   +   (no boots)
Stlth    +++.......             (no amulet)
HPRegen  0.25/turn              s - ring of protection from fire
MPRegen  0.23/turn              (no ring)

@: channeling, flying
A: sickness immunity, AC +10, big wings, negative energy resistance 1,
electricity resistance, torment resistance 1, petrification resistance
}: 2/10 runes: decaying, serpentine
a: Renounce Religion, Channel Magic, Forget Spell


You were in the Dungeon.
You worshipped Sif Muna.
Sif Muna was most pleased with you.
You visited 1 branch You collected 3505 gold pieces.
You spent 3162 gold pieces at shops.

Inventory:

Hand Weapons
 b - a +3 eveningstar of draining
 p - a +0 war axe of freezing
 t - a +1 morningstar of distortion
 u - a +3 executioner's axe of venom
Missiles
 i - 7 curare-tipped darts
Armour
 c - a +2 hat of see invisible (worn)
 w - a +3 leather armour of positive energy (worn)
 D - a +2 cloak (worn)
Magical Staves
 j - a staff of air
 q - a staff of earth (weapon)
Jewellery
 s - a ring of protection from fire (left hand)
 v - an amulet of regeneration
 x - a ring of resist corrosion
 y - the ring of Disaster {rElec rF+ rC+}
   (You bought it in a shop in the Dungeon)

   [ring of protection from fire]

   It protects you from fire.
   It protects you from cold.
   It insulates you from electricity.
 z - a ring of see invisible
Scrolls
 e - a scroll of fog {unknown}
 l - a scroll of torment
 m - a scroll of identify
 o - a scroll of immolation
 A - 2 scrolls of enchant armour
 B - 2 scrolls of blinking
 C - a scroll of enchant weapon
Potions
 a - a potion of might
 d - 4 potions of curing
 f - a potion of haste
 h - 5 potions of berserk rage
 k - 4 potions of mutation
 n - 4 potions of flight
 r - a potion of cancellation


   Skills:
 + Level 12.6 Fighting
 + Level 11.0 Staves
 + Level 5.6 Armour
 + Level 9.6 Dodging
 - Level 8.5 Stealth
 + Level 14.5 Spellcasting
 + Level 10.9 Conjurations
 - Level 2.3 Translocations
 - Level 3.7 Transmutations
 - Level 3.7 Fire Magic
 + Level 9.9 Ice Magic
 + Level 8.3 Air Magic
 + Level 19.2 Earth Magic
 - Level 13.1 Invocations


You had 10 spell levels left.
You knew the following spells:

 Your Spells              Type           Power      Damage    Failure   Level
a - Sandblast             Erth           100%       2d20      0%          1
b - Stone Arrow           Conj/Erth      100%       3d13      1%          3
c - Petrify               Tmut/Erth      76%        N/A       1%          4
d - Lee's Rapid Deconstr  Erth           48%        3d24*     1%          5
e - Bolt of Magma         Conj/Fire/Erth 38%        4d16      1%          5
f - Iron Shot             Conj/Erth      43%        9d8       1%          6
g - Freezing Cloud        Conj/Ice/Air   27%        6-21      14%         6
h - Blink                 Tloc           N/A        N/A       3%          2

Your spell library contained the following spells:

 Spells                   Type           Power      Damage    Failure   Level
 Beastly Appendage        Tmut           62%        N/A       1%          1
 Magic Dart               Conj           100%       1d8       1%          1
 Ensorcelled Hibernation  Hex/Ice        72%        N/A       1%          2
 Passwall                 Tmut/Erth      63%        N/A       1%          2
 Poisonous Vapours        Pois/Air       64%        N/A       1%          2
 Searing Ray              Conj           100%       3d7       1%          2
 Conjure Flame            Conj/Fire      46%        6-21      1%          3
 Dazzling Flash           Conj/Hex       76%        N/A       1%          3
 Mephitic Cloud           Conj/Pois/Air  42%        N/A       1%          3
 Animate Armour           Summ/Erth      100%       N/A       1%          4
 Hailstorm                Conj/Ice       56%        3d12      1%          4
 Leda's Liquefaction      Hex/Erth       35%        N/A       1%          4
 Iskenderun's Battlesphe  Conj           57%        2d11      1%          5
 Sticky Flame             Conj/Fire      46%        2d6       2%          4
 Borgnjor's Vile Clutch   Necr/Erth      35%        N/A       2%          5
 Lightning Bolt           Conj/Air       27%        1d43      2%          5
 Iskenderun's Mystic Bla  Conj/Tloc      43%        2d10      3%          4
 Corona                   Hex            16%        N/A       5%          1
 Summon Small Mammal      Summ           60%        N/A       5%          1
 Ignite Poison            Fire/Tmut/Pois 25%        N/A       5%          3
 Fulminant Prism          Conj/Hex       19%        3d11      5%          4
 Summon Ice Beast         Ice/Summ       36%        N/A       7%          4
 Fireball                 Conj/Fire      23%        3d11      7%          5
 Irradiate                Conj/Tmut      23%        3d21      7%          5
 Call Imp                 Summ           15%        N/A       8%          2
 Slow                     Hex            15%        N/A       8%          2
 Summon Lightning Spire   Summ/Air       32%        N/A       9%          4
 Portal Projectile        Hex/Tloc       40%        N/A       10%         3
 Call Canine Familiar     Summ           15%        N/A       16%         3
 Summon Guardian Golem    Hex/Summ       15%        N/A       16%         3
 Vampiric Draining        Necr           7%         2d7       16%         3
 Conjure Ball Lightning   Conj/Air       27%        3x3d8     16%         6
 Passage of Golubria      Tloc           N/A        N/A       21%         4
 Silence                  Hex/Air        16%        N/A       26%         5
 Animate Dead             Necr           7%         N/A       45%         4
 Cause Fear               Hex            7%         N/A       45%         4
 Orb of Destruction       Conj           28%        9d11      45%         7
 Manifold Assault         Tloc           25%        N/A       50%         5
 Alistair's Intoxication  Tmut/Pois      15%        N/A       54%         5
 Lehudib's Crystal Spear  Conj/Erth      43%        10d11     56%         8
 Summon Forest            Summ/Tloc      10%        N/A       65%         5
 Agony                    Necr           15%        N/A       82%         5
 Excruciating Wounds      Necr           7%         N/A       82%         5
 Shatter                  Erth           48%        3d37*     89%         9
 Eringya's Noxious Bog    Tmut/Pois      11%        N/A       98%         6
 Death Channel            Necr           7%         N/A       100%        6
 Shadow Creatures         Summ           N/A        N/A       100%        6
 Haunt                    Necr/Summ      7%         N/A       100%        7
 Chain Lightning          Conj/Air       27%        N/A       100%        8
 Discord                  Hex            7%         N/A       100%        8
 Infestation              Necr           7%         N/A       100%        8
 Necromutation            Tmut/Necr      11%        N/A       100%        8
 Death's Door             Necr           7%         N/A       100%        9
 Statue Form              Tmut/Erth      Unusable   N/A       N/A         6

Dungeon Overview and Level Annotations

Branches:
Dungeon (1/1)

Altars:
Cheibriados
Dithmenos
Elyvilon
Fedhas
Gozag
Hepliaklqana
Kikubaaqudgha
Makhleb
Nemelex Xobeh
Okawaru
Qazlal
Ru
Sif Muna
Trog
Uskayaw
Vehumet
Wu Jian
Xom
Yredelemnul
Zin
The Shining One
Beogh
Jiyva
Lugonu

Shops:
D ?[=*?:[

Annotations:
D Boris


Innate Abilities, Weirdness & Mutations

You are immune to sickness and miasma.
Your stone body is resilient. (AC +10)
You are immune to poison.
Your large and strong wings let you fly.
You resist negative energy. (rN+)
You are resistant to electric shocks. (rElec)
You are resistant to unholy torment.
You are immune to petrification.


Message History

Boris is severely damaged.
Sif Muna will no longer gift you books.
Boris mumbles some strange words.
Boris flickers and vanishes for a moment.
Aiming: Lehudib's Crystal Spear
Press: ? - help, Shift-Dir - straight line, f/p - Boris
Aim: Boris, wearing a +2 robe (severely damaged, slightly transparent, 84% to hit)
The crystal spear misses Boris.
You can no longer call upon Sif Muna to cast any spell from your library.
Boris stares.
Boris hits you but does no damage. Boris touches you!
Okay, then.
Cast which spell? (? or * to list)
Okay, then.
Cast which spell? (? or * to list)
Okay, then.
You hit Boris but do no damage.
Boris is severely damaged.
Cast which spell? (? or * to list)
Aiming: Iron Shot (dangerous; 1% risk of failure)
Press: ? - help, Shift-Dir - straight line, f/p - Boris
Aim: Boris, wearing a +2 robe (severely damaged, slightly transparent, 76% to hit)
You feel a surge of power!
The iron shot hits Boris!!
Boris is almost destroyed.
Boris conjures a glowing orb.
The wavering orb of destruction weakly hits you!!!
* * * LOW HITPOINT WARNING * * *
Casting: Iron Shot (dangerous; 1% risk of failure)
Confirm with . or Enter, or press ? or * to list all spells.
Aiming: Iron Shot (dangerous; 1% risk of failure)
Press: ? - help, Shift-Dir - straight line, f/p - Boris
Aim: Boris, wearing a +2 robe (almost destroyed, slightly transparent, 76% to hit)
You feel a surge of power!
The iron shot misses Boris.
Boris closely misses you. Boris touches you.
* * * LOW HITPOINT WARNING * * *
Okay, then.
Okay, then.
Okay, then.
Magic courses through your body. Boris hits you!
You die...

##..# ♣.♣♣ ###### #.#,,,,,,,,,,,
....# ♣♣≈♣ #....# #.#,,,,,,,****
...## ♣.♣♣♣#.≈..# #.#,,,,,***,∩⌠
#### ♣÷♣♣.#....# #.#,,,***,*,∩⌠
...## ♣..♣♣..≈.##♣♣#.#,**#§,,*,∩,
....# ♣♣.♣♣≈.###♣.♣#.#+*...,,*,∩∩
##..# ♣♣≈♣♣.≈≈.≈♣ *.#,§...,,*,,,
))..# ♣♣..♣♣..♣♣≈♣♣#.#§§...,,***+
...## ♣.≈...§§§.@L.#.§§§...,,*,⌠,
##### ♣.≈≈.§§§P..♣..#*******,*,,,
.†..# ♣..≈..§§§≈≈♣♣#†..#,*,*,,,,,
....# ♣♣♣♣♣♣♣♣∩∩∩♣ *...§...,,,,,,
##### ♣♣♣♣♣ *...(...,,,,,,
********************##)####******
,,,,**,≈,,,,≈,*,,,***,..**,*≈≈≈≈≈
******≈,,,,,,≈*,,,**,,,..**+*,≈≈,
≈≈≈≈**,,,,,,,,*+***,,,,...***,,,,


You could see Boris (invisible).

Vanquished Creatures
  the Lernaean hydra (D)
  Rupert (D)
  Gastronok (D)
  A nagaraja (D)
  Dowan (D)
  2 dire elephants (D)
  Erolcha (D)
  A naga warrior (D)
  An anaconda (D)
  2 hydras (D)
  Urug (D)
  4 death yaks (D)
  3 orc high priests (D)
  A death drake (D)
  A shadow wraith (D)
  2 skeletal warriors (D)
  A spectral iron dragon (D)
  A swamp dragon (D)
  A deep elf pyromancer (D)
  A lindwurm (D)
  2 crystal guardians (D)
  2 elephants (D)
  A guardian serpent (D)
  8 black mambas (D)
  A statue (D)
  2 cane toads (D)
  Duvessa (D)
  A rime drake (D)
  A komodo dragon (D)
  2 anaconda simulacra (D)
  3 wandering mushrooms (D)
  2 tyrant leeches (D)
  2 spriggan defenders (D)
  A queen bee (D)
  2 hornets (D)
  8 blink frogs (D)
  5 redbacks (D)
  A shadow (D)
  An iron troll simulacrum (D)
  2 nagas (D)
  A spatial vortex (D)
  3 swamp drakes (D)
  3 orc warriors (D)
  A necrophage (D)
  5 two-headed ogres (D)
  A water elemental (D)
  32 killer bees (D)
  An electric eel (D)
  A jelly (D)
  5 orc priests (D)
  Jessica (D)
  An orc wizard (D)
  A wizard (D)
  A necromancer (D)
  3 humans (D)
  A kobold demonologist (D)
  4 adders (D)
  A phantom (D)
  10 orcs (D)
  An endoplasm (D)
  2 rats (D)
  2 ball lightnings (D)
  2 ballistomycete spores (D)
159 creatures vanquished.

Vanquished Creatures (others)
  A hydra (D)
  A spriggan defender (D)
  26 plants (D)
28 creatures vanquished.

Grand Total: 187 creatures vanquished

Notes
Turn   | Place    | Note
-------+----------+-------------------------------------------
     0 | D        | rocky1 the Gargoyle Earth Elementalist began the quest for
                  | the Orb.
     0 | D        | Reached XP level 1. HP: 10/10 MP: 3/3
     5 | D        | Reached skill level 4 in Earth Magic
    29 | D        | Noticed Jessica
    32 | D        | Killed Jessica
    33 | D        | Reached skill level 8 in Earth Magic
    33 | D        | Reached XP level 2. HP: 11/15 MP: 0/5
    33 | D        | Reached XP level 3. HP: 15/19 MP: 0/6
   451 | D        | Noticed a water elemental
   454 | D        | Killed a water elemental
   455 | D        | Reached skill level 9 in Earth Magic
   455 | D        | Reached XP level 4. HP: 24/24 MP: 5/10
   504 | D        | Learned a level 3 spell: Stone Arrow
   509 | D        | Learned a level 4 spell: Petrify
   510 | D        | Found a radiant altar of Vehumet.
   510 | D        | Found a shimmering blue altar of Sif Muna.
   510 | D        | Found an ancient bone altar of Kikubaaqudgha.
   510 | D        | Noticed a wizard
   511 | D        | Killed a wizard
   512 | D        | Reached skill level 5 in Spellcasting
   512 | D        | Reached skill level 10 in Earth Magic
   512 | D        | Reached XP level 5. HP: 28/28 MP: 9/12
   533 | D        | Became a worshipper of Sif Muna the Loreminder
   588 | D        | Found a glowing silver altar of Zin.
   588 | D        | Found a glowing golden altar of the Shining One.
   588 | D        | Found a white marble altar of Elyvilon.
   589 | D        | Noticed a deep elf pyromancer
   593 | D        | Killed a deep elf pyromancer
   594 | D        | Reached skill level 12 in Earth Magic
   594 | D        | Reached XP level 6. HP: 42/42 MP: 10/16
   594 | D        | Reached XP level 7. HP: 47/47 MP: 11/18
   620 | D        | Learned a level 5 spell: Lee's Rapid Deconstruction
   620 | D        | Found a hide-covered altar of Uskayaw.
   620 | D        | Found an iron altar of Okawaru.
   620 | D        | Found a bloodstained altar of Trog.
   620 | D        | Found an ornate altar of the Wu Jian Council.
   620 | D        | Noticed a human
   620 | D        | Noticed a human
   621 | D        | Killed a human
   622 | D        | Killed a human
   622 | D        | Reached * piety under Sif Muna
   623 | D        | Reached skill level 13 in Earth Magic
   623 | D        | Reached XP level 8. HP: 53/53 MP: 6/20
   711 | D        | Found a basalt altar of Yredelemnul.
   711 | D        | Found a shadowy altar of Dithmenos.
   711 | D        | Found a sacrificial altar of Ru.
   755 | D        | Reached ** piety under Sif Muna
   758 | D        | Noticed a shadow
   762 | D        | Killed a shadow
   864 | D        | Found a blossoming altar of Fedhas.
   864 | D        | Found a stormy altar of Qazlal.
   864 | D        | Found a snail-covered altar of Cheibriados.
   864 | D        | Found a burning altar of Makhleb.
   864 | D        | Found a shimmering altar of Xom.
   865 | D        | Found a hazy altar of Hepliaklqana.
   865 | D        | Found an opulent altar of Gozag.
   865 | D        | Found a sparkling altar of Nemelex Xobeh.
   865 | D        | Found a corrupted altar of Lugonu.
   865 | D        | Found a viscous altar of Jiyva.
   965 | D        | Reached *** piety under Sif Muna
  1074 | D        | Noticed a two-headed ogre
  1078 | D        | Killed a two-headed ogre
  1079 | D        | Reached skill level 14 in Earth Magic
  1079 | D        | Reached XP level 9. HP: 60/60 MP: 6/22
  1175 | D        | Noticed a two-headed ogre
  1175 | D        | Noticed Erolcha
  1186 | D        | Killed Erolcha
  1187 | D        | Reached skill level 10 in Fighting
  1187 | D        | Reached skill level 5 in Stealth
  1187 | D        | Reached skill level 10 in Spellcasting
  1187 | D        | Reached skill level 10 in Invocations
  1193 | D        | Killed a two-headed ogre
  1194 | D        | Reached **** piety under Sif Muna
  1491 | D        | Reached ***** piety under Sif Muna
  1494 | D        | Reached XP level 10. HP: 64/68 MP: 3/24
  1494 | D        | Noticed an orc high priest
  1495 | D        | Noticed an orc high priest
  1498 | D        | Reached skill level 15 in Earth Magic
  1498 | D        | Killed an orc high priest
  1498 | D        | Identified Mulextu's Catalogue of the Entrancing Birds (Sif
                  | Muna gifted it to you in the Dungeon)
  1498 | D        | Received a gift from Sif Muna
  1499 | D        | Killed an orc high priest
  1590 | D        | Found Guocu's Assorted Antiques.
  1655 | D        | Bought a gnarled smoking staff for 348 gold pieces
  1655 | D        | Bought a scroll of identify for 58 gold pieces
  1655 | D        | Bought a knobbly jewelled staff for 348 gold pieces
  1655 | D        | Bought a metallic red potion for 26 gold pieces
  1655 | D        | Bought 2 potions of curing for 174 gold pieces
  1655 | D        | Bought a garnet ring for 145 gold pieces
  1724 | D        | Identified Tecidaxu's Handbook of Supportive Stolen Souls
                  | (Sif Muna gifted it to you in the Dungeon)
  1724 | D        | Received a gift from Sif Muna
  1747 | D        | Reached skill level 1 in Staves
  1747 | D        | Reached skill level 1 in Armour
  1790 | D        | Reached ****** piety under Sif Muna
  1797 | D        | Identified Sif Muna's Collected Works on Dislocated Combat
                  | Magic (Sif Muna gifted it to you in the Dungeon)
  1797 | D        | Received a gift from Sif Muna
  1916 | D        | Received a gift from Sif Muna
  1950 | D        | Identified Joewedghi's Compendium of Dusty Black Rites (Sif
                  | Muna gifted it to you in the Dungeon)
  1950 | D        | Received a gift from Sif Muna
  2293 | D        | Noticed Dowan
  2293 | D        | Noticed Duvessa
  2305 | D        | Killed Dowan
  2305 | D        | HP: 1/71 [Duvessa/+2 great sword of freezing (5)]
  2306 | D        | Reached skill level 16 in Earth Magic
  2306 | D        | Reached XP level 11. HP: 1/76 MP: 12/26
  2309 | D        | Killed Duvessa
  2631 | D        | Noticed a yaktaur captain
  2632 | D        | Noticed a yaktaur captain
  2656 | D        | Reached skill level 1 in Transmutations
  2787 | D        | Identified Sif Muna's Papyrus of Evil Poisoning (Sif Muna
                  | gifted it to you in the Dungeon)
  2787 | D        | Received a gift from Sif Muna
  2788 | D        | Reached skill level 1 in Conjurations
  3042 | D        | Learned a level 5 spell: Bolt of Magma
  3049 | D        | Learned a level 6 spell: Iron Shot
  3056 | D        | Learned a level 6 spell: Freezing Cloud
  3071 | D        | Reached skill level 5 in Staves
  3071 | D        | Reached skill level 1 in Fire Magic
  3071 | D        | Reached skill level 1 in Ice Magic
  3074 | D        | Reached skill level 1 in Air Magic
  3257 | D        | Noticed a lindwurm
  3260 | D        | Killed a lindwurm
  3285 | D        | Received a gift from Sif Muna
  3286 | D        | Reached skill level 5 in Dodging
  3377 | D        | Learned a level 2 spell: Blink
  3390 | D        | Noticed Urug
  3393 | D        | Killed Urug
  3394 | D        | Reached skill level 1 in Translocations
  3558 | D        | Noticed an eight-headed hydra
  3558 | D        | Noticed a seven-headed hydra
  3566 | D        | Killed an eight-headed hydra
  3569 | D        | Killed a seven-headed hydra
  3570 | D        | Noticed a death drake
  3579 | D        | Killed a death drake
  3580 | D        | Reached XP level 12. HP: 72/82 MP: 5/28
  3770 | D        | Identified Sif Muna's Volume of Black Magic (Sif Muna
                  | gifted it to you in the Dungeon)
  3770 | D        | Received a gift from Sif Muna
  3785 | D        | Reached skill level 5 in Conjurations
  3785 | D        | Reached skill level 17 in Earth Magic
  3857 | D        | Noticed Rupert
  3863 | D        | Killed Rupert
  3864 | D        | Reached skill level 5 in Ice Magic
  3980 | D        | Noticed an azure jelly
  3980 | D        | Noticed an azure jelly
  3980 | D        | Noticed an azure jelly
  3980 | D        | Noticed an azure jelly
  3982 | D        | Noticed a dire elephant
  3982 | D        | Noticed a dire elephant
  3982 | D        | Noticed Gastronok
  3995 | D        | Killed a dire elephant
  3996 | D        | Killed a dire elephant
  3996 | D        | Identified Sif Muna's Volume of Old and Reckless (Sif Muna
                  | gifted it to you in the Dungeon)
  3996 | D        | Received a gift from Sif Muna
  4002 | D        | Reached skill level 5 in Air Magic
  4003 | D        | Killed Gastronok
  4310 | D        | Noticed a death yak
  4312 | D        | Noticed a death yak
  4315 | D        | Noticed a death yak
  4315 | D        | Noticed a death yak
  4316 | D        | Killed a death yak
  4317 | D        | Killed a death yak
  4317 | D        | Killed a death yak
  4317 | D        | Identified Sif Muna's Grimoire of Venomous Confrontation
                  | (Sif Muna gifted it to you in the Dungeon)
  4317 | D        | Received a gift from Sif Muna
  4318 | D        | Reached XP level 13. HP: 87/87 MP: 9/30
  4321 | D        | Reached skill level 18 in Earth Magic
  4509 | D        | Identified Sif Muna's Grimoire of Malediction and
                  | Transmigration (Sif Muna gifted it to you in the Dungeon)
  4509 | D        | Received a gift from Sif Muna
  4732 | D        | Noticed a naga warrior
  4733 | D        | Noticed a nagaraja
  4743 | D        | Killed a nagaraja
  4743 | D        | Killed a naga warrior
  4759 | D        | Found Mufaske's Magic Scroll Boutique.
  4759 | D        | Found Nyetut's Antique Armour Emporium.
  4761 | D        | Found Eghynuk's Jewellery Shop.
  4781 | D        | Got a serpentine rune of Zot
  4794 | D        | Bought a dyed leather armour for 145 gold pieces
  4807 | D        | Bought an amulet of regeneration for 300 gold pieces
  4807 | D        | Bought a ring of resist corrosion for 200 gold pieces
  4807 | D        | Bought the ring of Disaster {rElec rF+ rC+} for 460 gold
                  | pieces
  4807 | D        | Bought a ring of see invisible for 150 gold pieces
  4809 | D        | Bought a scroll of enchant armour for 97 gold pieces
  4809 | D        | Bought 3 scrolls of blinking for 292 gold pieces
  4944 | D        | Identified Sif Muna's Second Course in Spellweaving (Sif
                  | Muna gifted it to you in the Dungeon)
  4944 | D        | Received a gift from Sif Muna
  4953 | D        | Found Colucua's Magic Scroll Emporium.
  4953 | D        | Found Ucuvor's Book Shop.
  4953 | D        | Found Huahaweg's Antique Armour Shoppe.
  4974 | D        | Reached skill level 10 in Staves
  5036 | D        | Bought a scroll of enchant armour for 82 gold pieces
  5036 | D        | Bought a scroll of enchant weapon for 82 gold pieces
  5036 | D        | Bought a scroll of magic mapping for 38 gold pieces
  5039 | D        | Bought an embroidered cloak for 217 gold pieces
  5053 | D        | Noticed the 27-headed Lernaean hydra
  5062 | D        | Killed the 27-headed Lernaean hydra
  5063 | D        | Reached skill level 10 in Conjurations
  5360 | D        | Got a decaying rune of Zot
  5393 | D        | Reached skill level 19 in Earth Magic
  5561 | D        | Received a gift from Sif Muna
  5565 | D        | Reached skill level 5 in Armour
  5587 | D        | Gained mutation: Your large and strong wings let you fly.
                  | [Gargoyle growth]
  5587 | D        | Reached XP level 14. HP: 36/92 MP: 14/32
  5762 | D        | Noticed Boris
  5772 | D        | Mangled by Boris

Illustrated notes

Levels and vault maps discovered:
D:        dungeon_sprint_mu [sprint_mu_entry_forest, sprint_mu_temple_rooms,
          sprint_mu_d1_spiders, sprint_mu_d2_genie, sprint_mu_d3_branching,
          sprint_mu_orc_legion, sprint_mu_elf_gauntlet, sprint_mu_hive_nellie,
          sprint_mu_lair_fedhas, sprint_mu_vaults_butterflies,
          sprint_mu_slime_circle, sprint_mu_swamp_cave, sprint_mu_snake_twists,
          sprint_mu_blade_basic, sprint_mu_crypt_fortress,
          sprint_mu_tomb_spiral, sprint_mu_vestibule_basic,
          sprint_mu_gehenna_hellfire, sprint_mu_dis_giant,
          sprint_mu_tartarus_statrot, sprint_mu_cocytus_islands, sprint_mu_zot1]

Skill      XL: |  1  2  3  4  5  6  7  8  9 10 11 12 13 14 |
---------------+-------------------------------------------+-----
Earth Magic    | 8 9 10 12 13 14 16 17 19 | 19.2
Spellcasting   | 4 5 7 8 9 10 11 12 13 14 | 14.5
Fighting       | 6 7 9 10 12 | 12.6
Invocations    | 6 7 9 10 12 13 | 13.1
Stealth        | 3 6 8 |  8.5
Staves         | 4 6 8 10 11 | 11.0
Armour         | 4 5 |  5.6
Dodging        | 3 5 7 9 |  9.6
Transmutations | 3 |  3.7
Conjurations   | 4 8 10 | 10.9
Fire Magic     | 3 |  3.7
Ice Magic      | 3 7 9 |  9.9
Air Magic      | 3 6 8 |  8.3
Translocations | 2 |  2.3

Action                   |  1- 3 |  4- 6 |  7- 9 | 10-12 | 13-15 || total
-------------------------+-------+-------+-------+-------+-------++-------
Melee: Dagger            |     2 |       |       |       |       ||     2
       Unarmed           |     2 |       |       |       |       ||     2
       Staff             |       |       |       |    84 |    44 ||   128
 Cast: Sandblast         |    17 |     7 |    10 |    20 |       ||    54
       Lee's Rapid Decon |       |       |    28 |    54 |    50 ||   132
       Stone Arrow       |       |       |       |    45 |     6 ||    51
       Lehudib's Crystal |       |       |       |     2 |     5 ||     7
       Iron Shot         |       |       |       |     1 |     6 ||     7
       Freezing Cloud    |       |       |       |     1 |       ||     1
       Discord           |       |       |       |     1 |       ||     1
       Shatter           |       |       |       |       |     1 ||     1
       Petrify           |       |       |       |       |     1 ||     1
Invok: Channel Magic     |       |       |     2 |     7 |     5 ||    14
       Divine Exegesis   |       |       |       |     5 |     6 ||    11
  Use: Scroll            |       |       |       |     5 |     2 ||     7
       Potion            |       |       |       |     4 |     1 ||     5
 Stab: Distracted        |       |       |       |       |     1 ||     1
Armor: Robe              |     2 |     5 |     1 |    63 |       ||    71
       Leather armour    |       |       |       |     1 |    35 ||    36
Dodge: Dodged            |     2 |     9 |     6 |   139 |    30 ||   186
       Rpst.: Long sword |       |       |     3 |       |       ||     3

Table legend: (Time is in decaauts)
 A = Elapsed time spent in this place.
 B = Non-inter-level travel time spent in this place.
 C = Inter-level travel time spent in this place.
 D = Time resting spent in this place.
 E = Time spent auto-exploring this place.
 F = Levels seen in this place.
 G = Mean time per level.
                   A        B        C        D        E       F      G
               +--------+--------+--------+--------+--------+-----+--------+
         Total |   5808 |   5674 |    134 |   4071 |      0 |   1 | 5808.0 |
       Dungeon |   5808 |   5674 |    134 |   4071 |      0 |   1 | 5808.0 |
               +--------+--------+--------+--------+--------+-----+--------+

Top non-repeatable levels by time:
       D: 5808 daAuts
